 Dungeon Crawl Stone Soup version 0.25-a0-1002-gbcf8c60d55 (webtiles) character file.

Game seed: 16440155745098333107, levelgen mode: deterministic

399 Conn the Magician (level 6, -10/32 HPs)
             Began as a Deep Elf Fire Elementalist on May 11, 2020.
             Was an Initiate of Sif Muna.
             Killed from afar by a killer bee (26 damage)
             ... with an exploding inner flame
             ... hexed by the player character
             ... on level 4 of the Dungeon.
             The game lasted 00:12:11 (3470 turns).

Conn the Magician (Deep Elf Fire Elementalist)      Turns: 3470, Time: 00:12:12

Health: -10/32     AC:  6    Str:  2 (5)  XL:     6   Next: 54%
Magic:  12/15      EV: 13    Int: 21 (22) God:    Sif Muna [......]
Gold:   167        SH:  0    Dex: 13 (15) Spells: 4/15 levels left

rFire    . . .     SeeInvis .   p - +4 quarterstaff (chaos)
rCold    . . .     Gourm    .   (shield currently unavailable)
rNeg     . . .     Faith    .   j - +2 robe {MR+}
rPois    .         Spirit   .   (no helmet)
rElec    +         Reflect  .   s - +1 cloak
rCorr    .         Harm     .   (no gloves)
MR       ++...     Rnd*Rage +   (no boots)
Stlth    ++........             (no amulet)
HPRegen  0.10/turn              d - ring of flight
MPRegen  0.14/turn              (no ring)

@: lethally poisoned (-10 -> -14)
A: berserk 1, magic resistance 1, electricity resistance, MP-powered wands
a: Renounce Religion, Evoke Flight


You were on level 4 of the Dungeon.
You worshipped Sif Muna.
Sif Muna was noncommittal.
You were not hungry.

You visited 2 branches of the dungeon, and saw 5 of its levels.

You collected 167 gold pieces.

Inventory:

Hand Weapons
 i - a +0 dagger
 p - a +4 quarterstaff of chaos (weapon)
Missiles
 k - 6 boomerangs (quivered)
Armour
 a - a +0 robe
 j - a +2 robe of magic resistance (worn)
 s - a +1 cloak (worn)
Jewellery
 d - a ring of flight (left hand)
Scrolls
 e - 3 scrolls of identify
 n - 2 scrolls of remove curse
Potions
 u - a potion of curing
Comestibles
 c - 4 rations


   Skills:
 + Level 0.1 Fighting
 + Level 3.0 Dodging
 + Level 3.8 Stealth
 * Level 5.1 Spellcasting
 * Level 4.2 Conjurations
 * Level 5.1 Fire Magic


You had 4 spell levels left.
You knew the following spells:

 Your Spells              Type           Power        Failure   Level  Hunger
a - Foxfire               Conj/Fire      ####         1%          1    None
b - Conjure Flame         Conj/Fire      ####....     4%          3    ##.....
c - Inner Flame           Hex/Fire       ###.....     11%         3    ##.....
d - Sticky Flame          Conj/Fire      ####....     16%         4    ####...

Your spell library contained the following spells:

 Spells                   Type           Power        Failure   Level  Hunger
 Fireball                 Conj/Fire      ####......   41%         5    #####..


Dungeon Overview and Level Annotations

Branches:
Dungeon (4/15)             Temple (1/1) D:4

Altars:
Ashenzari
Cheibriados
Dithmenos
Elyvilon
Hepliaklqana
Nemelex Xobeh
Qazlal
Ru
Sif Muna
Trog
Uskayaw
Vehumet
Wu Jian
Xom
Yredelemnul
The Shining One


Innate Abilities, Weirdness & Mutations

You tend to lose your temper in combat.
You are resistant to hostile enchantments. (MR+)
You are resistant to electric shocks. (rElec)
You expend magic power (3 MP) to strengthen your wands.


Message History

Okay, then.
Okay, then.
You hit the killer bee.
Flame seeps out of the killer bee.
The killer bee is devoured by a tear in reality.
Your Conjurations skill increases to level 4!
You feel sick.
The killer bee stings you but does no damage.
The killer bee misses you. The killer bee barely misses you.
Okay, then.
Unknown command.
Unknown command.
You hit the killer bee.
Flame seeps out of the killer bee.
The killer bee is moderately wounded.
The killer bee is engulfed in blazing flames.
Flame seeps out of the killer bee.
The killer bee closely misses you.
The killer bee is engulfed in blazing flames.
The killer bee explodes!
The fiery explosion engulfs you!!
Ouch! That really hurt!
You die...

,,,,*****,,.,**##,,###
*,,,,,**,<*#.#*#.....#
*,**,,,,,,*#..*#.##..*
*,**,,,,,**##.##.##.##
,,,,,,,,,.##...).....###
,****,,**..............####
,* *,,>***,#..⌠.§.⌠..#....##
,***,*,* #.#..§°§....#.....##
***,,*,**#....§○@†..........#
**,,**,,,#.#..§§§....#...÷..#
*,,***,*,**#..⌠...⌠..#<.....#
*,** *,*,.$................##
,,* **,**..#.........#......#
*****,,**.,##.##.##.##......#
** *,,****,#..*#.##.........#
,* *<** *,.#.,..#####.....##
,***,* **,*,**** ##...##


There were no monsters in sight!

Vanquished Creatures
  2 killer bees (D:4)
  2 hounds
  Crazy Yiuf (D:3)
  Natasha (thrice) (D:2)
  A worker ant (D:4)
  3 gnolls
  An adder (D:2)
  An ooze (D:3)
  2 worms (D:2)
  2 leopard geckos (D:1)
  7 bats
  4 giant cockroaches
  2 goblins (D:1)
  7 hobgoblins
  2 jackals (D:4)
  6 frilled lizards
  5 kobolds
  4 rats
55 creatures vanquished.

Vanquished Creatures (others)
  A killer bee (D:4)
  169 foxfires
  2 plants (D:4)
172 creatures vanquished.

Grand Total: 227 creatures vanquished

Notes
Turn   | Place    | Note
-------+----------+-------------------------------------------
     0 | D:1      | Conn the Deep Elf Fire Elementalist began the quest for the
                  | Orb.
     0 | D:1      | Reached XP level 1. HP: 10/10 MP: 6/6
   211 | D:1      | Reached XP level 2. HP: 3/15 MP: 0/8
  1326 | D:2      | Reached XP level 3. HP: 19/19 MP: 7/10
  1331 | D:2      | Learned a level 3 spell: Conjure Flame
  1335 | D:2      | Learned a level 3 spell: Inner Flame
  1364 | D:2      | Noticed Natasha
  1374 | D:2      | Killed Natasha
  1491 | D:2      | Noticed Natasha
  1495 | D:2      | Killed Natasha
  1495 | D:2      | Reached XP level 4. HP: 19/24 MP: 9/12
  1506 | D:2      | Noticed Natasha
  1523 | D:2      | Killed Natasha
  1797 | D:1      | Learned a level 4 spell: Sticky Flame
  1843 | D:2      | Reached XP level 5. HP: 28/28 MP: 10/13
  2249 | D:2      | You fall into a shaft and drop 1 floor!
  2249 | D:3      | Found a faded altar of an unknown god.
  2445 | D:3      | Found a runed translucent door.
  2446 | D:3      | Noticed Crazy Yiuf
  2475 | D:3      | Killed Crazy Yiuf
  2993 | D:4      | Reached skill level 5 in Spellcasting
  3090 | D:4      | Found a staircase to the Ecumenical Temple.
  3100 | D:4      | Reached XP level 6. HP: 26/32 MP: 11/15
  3161 | Temple   | Entered the Ecumenical Temple
  3357 | Temple   | Became a worshipper of Sif Muna the Loreminder
  3379 | Temple   | Gained mutation: You tend to lose your temper in combat.
                  | [potion of mutation]
  3379 | Temple   | Gained mutation: You are resistant to hostile enchantments.
                  | (MR+) [potion of mutation]
  3379 | Temple   | Gained mutation: You are resistant to electric shocks.
                  | (rElec) [potion of mutation]
  3379 | Temple   | Gained mutation: You expend magic power (3 MP) to
                  | strengthen your wands. [potion of mutation]
  3464 | D:4      | Reached skill level 5 in Fire Magic
  3470 | D:4      | Killed from afar by a killer bee

Illustrated notes

Levels and vault maps discovered:
D:1:      dpeg_arrival_circle_labyrinth_c, layout_basic, minivault_4,
          minmay_tall_x
D:2:      layout_rooms, st_stairs_4, minivault_19, uniq_natasha
D:3:      layout_loops_ring, chequers_ecumenical_altar_island,
          uniq_crazy_yiuf_cottage
D:4:      layout_rooms, nicolae_gozag_cash_rules_everything_around_me,
          minmay_temple_entry_large_hall, first_ration, serial_shops,
          nicolae_shop_overgrown_old_shop
Temple:   nicolae_temple_elliptical

Skill      XL: |  1  2  3  4  5  6 |
---------------+-------------------+-----
Fire Magic     | 4 5 |  5.1
Spellcasting   | 4 5 |  5.1
Stealth        | 3 |  3.8
Conjurations   | 2 3 4 |  4.2
Dodging        | 3 |  3.0
Fighting       | |  0.1

Action                   |  1- 3 |  4- 6 || total
-------------------------+-------+-------++-------
Melee: Dagger            |     3 |     8 ||    11
       Quarterstaff      |       |     3 ||     3
 Cast: Foxfire           |    33 |    68 ||   101
       Conjure Flame     |       |     1 ||     1
       Sticky Flame      |       |     1 ||     1
  Use: Potion            |     1 |     8 ||     9
       Scroll            |     1 |     6 ||     7
 Stab: Sleeping          |     1 |     1 ||     2
  Eat: Chunk             |     2 |     2 ||     4
       Ration            |       |     1 ||     1
Armor: Robe              |     6 |    17 ||    23
Dodge: Dodged            |    30 |    40 ||    70

Table legend:
 A = Non-vault XP
 B = Vault XP
 C = Vault XP percentage of total XP
 D = Non-vault monster count
 E = Vault monster count
 F = Vault count percentage of total count
                 A         B        C        D         E       F
            +---------+---------+-------+---------+---------+-------
      Total |     489 |      82 |  14.4 |      50 |       6 |  10.7
            +---------+---------+-------+---------+---------+-------
        D:1 |      43 |       6 |  12.2 |      18 |       4 |  18.2
        D:2 |     141 |      35 |  19.9 |      19 |       1 |   5.0
        D:3 |      56 |      41 |  42.3 |       5 |       1 |  16.7
        D:4 |     249 |       0 |   0.0 |       8 |       0 |   0.0
            +---------+---------+-------+---------+---------+-------
